 Dungeon Crawl Stone Soup version 0.32-a0-875-g23b751d0ae (webtiles) character file.

Game seed: 3652485175869315253

130 Glaciallarry the Slasher (level 5, 0/38 HPs)
             Began as a Coglin Gladiator on Mar 31, 2024.
             Splashed by a jelly's acid (6 damage)
             ... on level 4 of the Dungeon.
             The game lasted 00:07:42 (2204 turns).

Glaciallarry the Slasher (Coglin Gladiator)         Turns: 2204, Time: 00:07:43

Health: 0/38       AC: -2    Str: 14    XL:     5   Next: 14%
Magic:  5/5        EV: 10    Int:  8    God:
Gold:   101        SH:  0    Dex: 17    Spells: 4/4 levels left

rFire   . . .        p - +3 dagger (elec) {Jabu}
rCold   . . .        i - +0 short sword {Chun}
rNeg    . . .        r - +0 ring mail
rPois   .            c - +0 helmet
rElec   .            (no cloak)
rCorr   .            (no gloves)
SInv    .            (no boots)
Will    .....        (amulet unavailable)
Stlth   +            (ring unavailable)
HPRegen 0.26/turn    (ring unavailable)
MPRegen 0.09/turn    (no gizmo)

%: no passive effects
@: corroded, revving
A: off-hand wielding, slow wielding, warmup strikes, no jewellery
a: Invent Gizmo


You were on level 4 of the Dungeon.
You visited 1 branch of the dungeon, and saw 4 of its levels.

You collected 101 gold pieces.

Inventory:

Hand Weapons
 a - a +0 long sword {Kaede}
 f - a +0 dagger {Audrea}
 i - a +0 short sword (offhand) {Chun}
 p - a +3 dagger of electrocution (weapon) {Jabu}
Missiles
 d - 3 throwing nets (quivered)
 e - a javelin
Armour
 c - a +0 helmet (worn)
 r - a +0 ring mail (worn)
Wands
 n - a wand of quicksilver (14)
Scrolls
 h - 3 scrolls of enchant weapon
 j - 2 scrolls of blinking {unknown}
 l - 6 scrolls of teleportation
 o - a scroll of immolation {unknown}
 t - a scroll of poison {unknown}
 u - a scroll of identify {unknown}
Potions
 b - a potion of enlightenment {unknown}
 g - a potion of invisibility {unknown}
 k - 2 potions of attraction {unknown}
 m - a potion of curing {unknown}
 q - a potion of cancellation {unknown}
 s - a potion of resistance {unknown}


   Skills:
 - Level 2.0 Fighting
 + Level 5.7 Long Blades
 - Level 1.7 Throwing
 - Level 2.6 Dodging


You had 4 spell levels left.
You didn't know any spells.
Your spell library contained the following spells:

 Spells                   Type           Power      Damage    Failure   Level
 Summon Small Mammal      Summ           0%         N/A       65%         1
 Call Canine Familiar     Summ           0%         N/A       95%         3
 Stone Arrow              Conj/Erth      0%         3d7       95%         3
 Animate Armour           Summ/Erth      0%         N/A       100%        4
 Summon Blazeheart Golem  Fire/Summ      0%         N/A       100%        4
 Lehudib's Crystal Spear  Conj/Erth      0%         10d2      100%        8


Dungeon Overview and Level Annotations

Branches:
Dungeon (4/15)
 Temple: D:4-7

Altars:


Innate Abilities, Weirdness & Mutations

You can wield a second weapon in your off-hand.
It takes a long time for you to wield or remove held weapons.
Your first few attacks do less damage.
You cannot equip rings or amulets.


Message History

Done exploring.
As you read the scroll labelled NUFEIN ISOFUOC, it crumbles to dust.
It is a scroll of enchant weapon.
Your +2 dagger of electrocution {Jabu} glows red for a moment.
Done exploring.
What level of the Dungeon? (default 2, ? - help)
There is a stone staircase leading down here.
You climb downwards.
You hear the sound of rushing water.
There is an entrance to a sewer on this level.
Hurry and find it before the portal rusts away!
The jelly quivers.
Found 5 gold pieces.
Found a stone staircase leading up.
There is a stone staircase leading up here.
Found 5 gold pieces.
The hobgoblin hits you.
You hit the hobgoblin with your +3 dagger of electrocution.
The hobgoblin is moderately wounded.
You hit the hobgoblin with your +0 short sword.
You kill the hobgoblin!
Found a lumpy yellow potion.
You see here a hobgoblin corpse.
You hit the jelly with your +0 short sword.
Your graspers burn!
The jelly is moderately wounded.
You hit the jelly with your +3 dagger of electrocution.
Your graspers burn!
The jelly hits you. The acid corrodes you!
You are splashed with acid!
You barely miss the jelly with your +3 dagger of electrocution.
The jelly is heavily wounded.
You hit the jelly with your +0 short sword.
Your graspers burn!
The jelly closely misses you.
You hit the jelly with your +0 short sword.
The acid corrodes you!
Your graspers burn!
* * * LOW HITPOINT WARNING * * *
The jelly is almost dead.
You hit the jelly but do no damage.
Your graspers burn!
* * * LOW HITPOINT WARNING * * *
The jelly hits you.
* * * LOW HITPOINT WARNING * * *
You are splashed with acid.
You die...

## .#### #....
.... #######..#
###........#
.##...##.....#
.......†J.<..##.
!$.....@..........
.######.........$.
##.....##...
#....<# .. #.....#
. #.....# #######


You could see a jelly.

Vanquished Creatures
  6 adders
  4 dart slugs
  10 ball pythons
  4 endoplasms
  2 giant cockroaches (D:1)
  4 goblins
  6 hobgoblins
  7 jackals (D:1)
  4 kobolds (D:1)
  5 quokkas
  5 bats
  4 frilled lizards
  7 rats
68 creatures vanquished.

Notes
Turn   | Place    | Note
-------+----------+-------------------------------------------
     0 | D:1      | Glaciallarry the Coglin Gladiator began the quest for the
                  | Orb.
     0 | D:1      | Reached XP level 1. HP: 16/16 MP: 1/1
    89 | D:1      | Reached XP level 2. HP: 21/22 MP: 2/2
   166 | D:1      | Reached skill level 4 in Long Blades
   242 | D:1      | Reached XP level 3. HP: 26/27 MP: 3/3
   733 | D:2      | Reached XP level 4. HP: 28/33 MP: 4/4
   949 | D:2      | Reached skill level 5 in Long Blades
  1779 | D:3      | Reached XP level 5. HP: 38/38 MP: 5/5
  2204 | D:4      | Splashed by a jelly's acid

Illustrated notes

Levels and vault maps discovered:
D:1:      heliophobic_arrival_ceremonial_halls, layout_rooms,
          hangedman_decor_growths, chequers_jeans, minmay_misc_feat_columns
D:2:      layout_basic, minmay_octomino_e4
D:3:      layout_basic, minivault_25
D:4:      layout_rooms, old_standard_altar, portal_sewer_entry_b,
          minmay_misc_feat_tower

Skill      XL: |  1  2  3  4 |
---------------+-------------+-----
Long Blades    | 4 5 |  5.7
Fighting       | |  2.0
Throwing       | |  1.7
Dodging        | |  2.6

Action                     |  1- 3 |  4- 6 || total
---------------------------+-------+-------++-------
  Melee: Long sword        |    82 |    18 ||   100
         Dagger            |    51 |    39 ||    90
         Short sword       |    20 |    50 ||    70
  Evoke: Wand              |       |     1 ||     1
    Use: Scroll            |       |     2 ||     2
   Stab: Sleeping          |       |     1 ||     1
 Armour: Leather armour    |    51 |     9 ||    60
         Ring mail         |       |    19 ||    19
  Dodge: Dodged            |    55 |    31 ||    86

Table legend: (Time is in decaauts)
 A = Elapsed time spent in this place.
 B = Non-inter-level travel time spent in this place.
 C = Inter-level travel time spent in this place.
 D = Time resting spent in this place.
 E = Time spent auto-exploring this place.
 F = Levels seen in this place.
 G = Mean time per level.
                   A        B        C        D        E       F      G
               +--------+--------+--------+--------+--------+-----+--------+
         Total |   2202 |   2094 |    108 |      0 |   1709 |   4 |  550.5 |
       Dungeon |   2202 |   2094 |    108 |      0 |   1709 |   4 |  550.5 |
               +--------+--------+--------+--------+--------+-----+--------+

Top non-repeatable levels by time:
     D:2: 794 daAuts
     D:3: 709 daAuts
     D:1: 691 daAuts
     D:4: 7 daAuts
